 Dungeon Crawl Stone Soup version 0.20-a0-38-g7d30548 (webtiles) character file.

120 Jivvin the Covered (level 4, 0/35 HPs)
             Began as a Demonspawn Abyssal Knight on Nov 10, 2016.
             Was a Believer of Lugonu.
             Killed from afar by Blork the orc (11 damage)
             ... with a puff of frost
             ... on level 4 of the Dungeon.
             The game lasted 00:02:14 (1993 turns).

Jivvin the Covered (Demonspawn Abyssal Knight)      Turns: 1993, Time: 00:02:15

Health: 0/35       AC:  7    Str: 16    XL:     4   Next: 75%
Magic:  5/5        EV: 15    Int: 13    God:    Lugonu [**....]
Gold:   178        SH:  0    Dex: 17    Spells: 0 memorised, 3 levels left

rFire  . . .     SeeInvis .     m - +3 hand axe
rCold  . . .     Gourm    .     b - +0 ring mail
rNeg   . . .     Faith    .     (no shield)
rPois  .         Spirit   .     (no helmet)
rElec  .         Reflect  .     (no cloak)
rCorr  .         Harm     .     (no gloves)
MR     .....                    (no boots)
Stlth  ++........               (no amulet)
                                (no ring)
                                e - +2 ring of strength

@: agile
A: slimy green scales 1, rot immunity
a: Depart the Abyss, Bend Space, Renounce Religion


You were on level 4 of the Dungeon.
You worshipped Lugonu.
Lugonu was pleased with you.
You were hungry.

You visited 1 branch of the dungeon, and saw 4 of its levels.
You visited the Abyss 1 time.

You collected 178 gold pieces.

Inventory:

Hand Weapons
 a - a +1 spear
 m - a +3 hand axe (weapon)
Armour
 b - a +0 ring mail (worn)
 f - a +0 scale mail
Jewellery
 d - an uncursed ring of magical power
 e - a +2 ring of strength (left hand)
Potions
 l - a potion of agility
Comestibles
 c - 2 bread rations
 g - 4 meat rations


   Skills:
 - Level 3.0 Fighting
 - Level 2.7 Polearms
 * Level 4.0 Armour
 - Level 0.8 Dodging
 - Level 2.4 Invocations


You had 3 spell levels left.
You didn't know any spells.

Dungeon Overview and Level Annotations

Branches:
Dungeon (4/15)
 Temple: D:4-7

Altars:
Makhleb
Vehumet
Zin

Annotations:
D:3 Grinder
D:4 Blork the orc


Innate Abilities, Weirdness & Mutations

You are partially covered in slimy green scales. (AC +2)
You are immune to rotting.


Message History

You slash the hound!
You kill the hound!
Lugonu accepts your kill.
Your Armour skill increases to level 4!
The howler monkey hoots and howls with incredible vigour!
You slash the howler monkey!
The howler monkey is moderately wounded.
The howler monkey hits you.
* * * LOW HITPOINT WARNING * * *
Blork the orc comes into view.
He is wielding a hand axe.
You hit the howler monkey.
The howler monkey is heavily wounded.
The howler monkey hits you but does no damage.
The howler monkey closely misses you.
You closely miss the howler monkey.
The howler monkey is heavily wounded.
The howler monkey hoots and howls with incredible vigour!
Blork the orc gestures at you while chanting.
The puff of frost hits you!
You die...

.## ... ##
#.# ..#.#
.## .#.##
.... ..a
#... #h###
#....#@#<#
#?.....#
####o#.#
...#.#
#######


You could see Blork the orc, a howler monkey and a worker ant.

Vanquished Creatures
  A hound (D:4)
  Jessica (D:2)
  4 dart slugs
  A leopard gecko (D:2)
  5 bats
  2 giant cockroaches (D:1)
  13 goblins
  8 hobgoblins
  2 jackals (D:2)
  4 frilled lizards
  6 kobolds
  7 rats
54 creatures vanquished.

Notes
Turn   | Place    | Note
-------+----------+-------------------------------------------
     0 | Abyss:1  | Jivvin the Demonspawn Abyssal Knight began the quest for the Orb.
     0 | Abyss:1  | Reached XP level 1. HP: 18/18 MP: 2/2
    10 | Abyss:1  | Noticed a blink frog
    10 | Abyss:1  | Noticed a blink frog
    11 | Abyss:1  | Noticed a blink frog
    13 | Abyss:1  | Noticed a blink frog
    14 | Abyss:1  | Noticed a blink frog
    16 | D:1      | Escaped the Abyss
   402 | D:1      | Gained mutation: You are partially covered in slimy green scales. (AC +2) [demonic ancestry]
   402 | D:1      | Reached XP level 2. HP: 13/24 MP: 3/3
   646 | D:1      | Reached skill level 2 in Armour
   666 | D:1      | Reached ** piety under Lugonu
   825 | D:1      | Gained mutation: You are immune to rotting. [demonic ancestry]
   825 | D:1      | Reached XP level 3. HP: 26/29 MP: 4/4
  1203 | D:2      | Reached skill level 3 in Armour
  1526 | D:2      | Found a glowing silver altar of Zin.
  1668 | D:2      | Found a burning altar of Makhleb.
  1669 | D:2      | Found a radiant altar of Vehumet.
  1848 | D:2      | Noticed Jessica
  1857 | D:2      | Killed Jessica
  1857 | D:2      | Reached XP level 4. HP: 31/35 MP: 5/5
  1946 | D:3      | Noticed Grinder
  1958 | D:3      | Paralysed by Grinder for 4 turns
  1990 | D:4      | Reached skill level 4 in Armour
  1992 | D:4      | Noticed Blork the orc
  1993 | D:4      | Killed from afar by Blork the orc

Vault maps used:
D:1:      ncdulo_watergridlock, minmay_misc_feat_cross
D:2:      cheibrodos_greedy_goblins, lemuel_crystal_altar,
          gammafunk_temple_overflow_statue, uniq_jessica
D:3:      xom_teletrap_fun, nicolae_overflow_crystal_walls, first_bread,
          serial_bayou_lagoon_a, fedhas_altar_fruit_tree, uniq_grinder
D:4:      supply_closet_lemuel, uniq_eustachio, uniq_blork_the_orc,
          uniq_natasha, uniq_duvessa
Abyss:1:  guppyfry_abyss_exit_imp_island

Skill      XL: |  1  2  3  4 |
---------------+-------------+-----
Polearms       | 2 |  2.7
Armour         | 2 3 4 |  4.0
Fighting       | |  3.0
Dodging        | |  0.8
Invocations    | |  2.4

Action                   |  1- 3 |  4- 6 || total
-------------------------+-------+-------++-------
Melee: Spear             |    96 |       ||    96
       Hand axe          |    46 |    19 ||    65
  Use: Scroll            |     7 |     1 ||     8
       Potion            |       |     2 ||     2
 Stab: Distracted        |     1 |       ||     1
  Eat: Chunk             |     3 |       ||     3
Armor: Leather armour    |     9 |       ||     9
       Ring mail         |    46 |     9 ||    55
Dodge: Dodged            |    87 |    12 ||    99
